 Dungeon Crawl Stone Soup version 0.31-a0-1042-ga9834b393d (webtiles) character file.

Game seed: 13289840728046485120

439 Dirtsage the Chopper (level 6, -1/47 HPs)
             Began as a Demonspawn Berserker on Nov 20, 2023.
             Was a Believer of Trog.
             Slain by a water moccasin (2 damage)
             ... on level 5 of the Dungeon.
             The game lasted 00:10:24 (4140 turns).

Dirtsage the Chopper (Demonspawn Berserker)         Turns: 4140, Time: 00:10:24

Health: -1/47      AC:  9    Str: 23    XL:     6   Next: 70%
Magic:  6/6        EV: 11    Int:  7    God:    Trog [**....]
Gold:   177        SH:  0    Dex: 12    Spells: 5/5 levels left

rFire   . . .        l - +0 war axe
rCold   . . .        (no shield)
rNeg    . . .        j - +0 ring mail
rPois   .            (helmet restricted)
rElec   .            d - +0 cloak
rCorr   .            f - +0 pair of gloves
SInv    .            (no boots)
Will    ++...        (no amulet)
Stlth   +            (no ring)
HPRegen 1.27/turn    (no ring)
MPRegen 0.10/turn

%: no passive effects
@: lethally poisoned (-1 -> -2), strong-willed, regenerating
A: antennae 1, slimy green scales 1, ignite blood 1, powered by death 1,
screaming 1, strong 1
a: Renounce Religion, Berserk, Trog's Hand


You were on level 5 of the Dungeon.
You worshipped Trog.
Trog was pleased with you.
You visited 2 branches of the dungeon, and saw 6 of its levels.

You collected 177 gold pieces.

Inventory:

Hand Weapons
 a - a +0 hand axe
 l - a +0 war axe (weapon)
Armour
 b - a +0 animal skin
 d - a +0 cloak (worn)
 f - a +0 pair of gloves (worn)
 j - a +0 ring mail (worn)
Wands
 q - a wand of mindburst (18)
 s - a wand of iceblast (5)
Scrolls
 c - a scroll of immolation
 e - a scroll of fear {unknown}
 i - a scroll of identify
 m - a scroll of enchant armour {unknown}
 o - a scroll of torment {unknown}
 r - a scroll of fog
 t - 2 scrolls of teleportation
 u - a scroll of vulnerability {unknown}
Potions
 g - a potion of ambrosia {unknown}
 h - a potion of enlightenment {unknown}
 n - a potion of cancellation {unknown}
 p - a potion of mutation


   Skills:
 - Level 3.0 Fighting
 + Level 7.0 Axes
 - Level 1.7 Armour
 - Level 1.7 Dodging


You had 5 spell levels left.
You didn't know any spells.
Your spell library contained the following spells:

 Spells                   Type           Power      Damage    Failure   Level
 Apportation              Tloc           0%         N/A       58%         1
 Freeze                   Ice            0%         1d3       58%         1
 Necrotise                Necr           0%         1d4       58%         1
 Shock                    Conj/Air       0%         1d3       58%         1
 Slow                     Hex            0%         N/A       58%         1
 Summon Small Mammal      Summ           0%         N/A       58%         1
 Animate Dead             Necr           0%         N/A       100%        4
 Haunt                    Necr/Summ      0%         N/A       100%        7
 Infestation              Necr           0%         N/A       100%        8


Dungeon Overview and Level Annotations

Branches:
Dungeon (5/15)             Temple (1/1) D:4

Altars:
Ashenzari
Cheibriados
Dithmenos
Gozag
Hepliaklqana
Kikubaaqudgha
Makhleb
Okawaru
Qazlal
Ru
Sif Muna
Trog
Uskayaw
Vehumet
Wu Jian
Xom
Yredelemnul

Annotations:
Temple 2 transporters


Innate Abilities, Weirdness & Mutations

You have a pair of small antennae on your head.
You are partially covered in slimy green scales. (AC +2)
Your demonic aura sometimes causes spilled blood to erupt in flames.
You regenerate a little health from kills.
You occasionally shout uncontrollably at your foes.
Your muscles are strong. (Str +4, Int/Dex -1)


Message History

The water moccasin completely misses you.
The water moccasin attacks as it pursues you!
The water moccasin completely misses you.
There is a stone staircase leading up here.
You hit the water moccasin.
The water moccasin is lightly wounded.
The water moccasin closely misses you. The water moccasin barely misses you.
You slash the water moccasin!
The water moccasin is moderately wounded.
The water moccasin bites you.
You are poisoned.
The water moccasin poisons you!
You take 3 damage, and have 36/47 hp.
You hit the water moccasin.
The water moccasin is heavily wounded.
You feel very sick. The water moccasin bites you. The water moccasin bites you!
You take 14 damage, and have 22/47 hp.
MASSIVE DAMAGE!!
You closely miss the water moccasin.
The water moccasin is heavily wounded.
You feel very sick.
The water moccasin bites you but does no damage.
The orc priest calls down the wrath of Beogh upon you.
Beogh smites you!
* * * LOW HITPOINT WARNING * * *
You take 17 damage, and have 5/47 hp.
MASSIVE DAMAGE!!
It was a potion of mutation.
You feel extremely strange.
You feel more energetic.
You feel less energetic.
You feel the urge to shout.
You feel stronger.
* * * LOW HITPOINT WARNING * * *
You feel sick. The water moccasin bites you.
* * * LOW HITPOINT WARNING * * *
The water moccasin barely misses you.
You take 3 damage, and have 2/47 hp.
Okay, then.
Your skin crawls.
You feel strong-willed.
* * * LOW HITPOINT WARNING * * *
You feel sick. The water moccasin bites you.
You die...

#.#
#.#
#.#
####.#
#.h..#
#o####
#o#
#S#
#@#
###


You could see a water moccasin, a black bear, an orc priest and an orc.

Vanquished Creatures
  Blork the orc (D:4)
  2 scorpions
  A hound (D:4)
  5 gnolls
  5 adders
  2 worms
  A dart slug (D:1)
  19 orcs
  5 bats
  8 endoplasms
  6 giant cockroaches
  14 goblins
  4 hobgoblins
  3 jackals (D:3)
  5 quokkas
  6 ball pythons
  6 frilled lizards
  8 kobolds
  6 rats
107 creatures vanquished.

Notes
Turn   | Place    | Note
-------+----------+-------------------------------------------
     0 | D:1      | Dirtsage the Demonspawn Berserker began the quest for the
                  | Orb.
     0 | D:1      | Reached XP level 1. HP: 18/18 MP: 1/1
    79 | D:1      | Reached skill level 3 in Axes
   128 | D:1      | Gained mutation: You have a pair of small antennae on your
                  | head. [demonic ancestry]
   128 | D:1      | Reached XP level 2. HP: 12/24 MP: 2/2
   489 | D:1      | Gained mutation: You are partially covered in slimy green
                  | scales. (AC +2) [demonic ancestry]
   489 | D:1      | Reached XP level 3. HP: 29/29 MP: 3/3
   626 | D:1      | Reached skill level 4 in Axes
  1142 | D:2      | Reached XP level 4. HP: 31/35 MP: 4/4
  1684 | D:2      | Reached ** piety under Trog
  1747 | D:2      | Reached skill level 5 in Axes
  2181 | D:3      | Gained mutation: You regenerate a little health from kills.
                  | [demonic ancestry]
  2181 | D:3      | Reached XP level 5. HP: 41/41 MP: 5/5
  3339 | D:4      | Reached skill level 6 in Axes
  3339 | D:4      | Gained mutation: Your demonic aura sometimes causes spilled
                  | blood to erupt in flames. [demonic ancestry]
  3339 | D:4      | Reached XP level 6. HP: 42/47 MP: 6/6
  3624 | D:4      | Got Vaih's Hermeneutics for Beginners
  3662 | D:4      | Found a staircase to the Ecumenical Temple.
  3671 | Temple   | Found a transporter.
  3671 | Temple   | Found a transporter.
  3671 | Temple   | Found a transporter.
  3671 | Temple   | Found a transporter.
  3671 | Temple   | Entered the Ecumenical Temple
  3678 | D:4      | Noticed Blork the orc
  3684 | D:4      | Killed Blork the orc
  4059 | D:5      | Entered Level 5 of the Dungeon
  4102 | D:5      | Reached skill level 7 in Axes
  4105 | D:5      | Noticed a water moccasin
  4139 | D:5      | Gained mutation: You have an increased reservoir of magic.
                  | (+10% MP) [potion of mutation]
  4139 | D:5      | Lost mutation: You have an increased reservoir of magic.
                  | (+10% MP) [potion of mutation]
  4139 | D:5      | Gained mutation: You occasionally shout uncontrollably at
                  | your foes. [potion of mutation]
  4139 | D:5      | Gained mutation: Your muscles are strong. (Str +4, Int/Dex
                  | -1) [potion of mutation]
  4139 | D:5      | HP: 2/47 [water moccasin (2)]
  4140 | D:5      | Slain by a water moccasin

Illustrated notes

Levels and vault maps discovered:
D:1:      nagdon_arrival_double_spiral, layout_basic, st_stairs_4
D:2:      layout_basic, wander_ebering_terrifying_dragon_lair
D:3:      layout_basic, zin_scriptorium
D:4:      layout_loops_ring, minmay_temple_entry_overgrown, uniq_blork_the_orc
D:5:      layout_basic, nemelex_diamond_rough_becter
Temple:   hellmonk_temple_divided_pantheon

Skill      XL: |  1  2  3  4  5  6 |
---------------+-------------------+-----
Axes           | 3 4 5 6 7 |  7.0
Fighting       | |  3.0
Armour         | |  1.7
Dodging        | |  1.7

Action                     |  1- 3 |  4- 6 || total
---------------------------+-------+-------++-------
  Melee: Hand axe          |    91 |   159 ||   250
         Punch             |     1 |     2 ||     3
         War axe           |       |    90 ||    90
 Invoke: Berserk           |     2 |     2 ||     4
         Trog's Hand       |       |     1 ||     1
    Use: Scroll            |     2 |     2 ||     4
         Potion            |       |     1 ||     1
   Stab: Sleeping          |     1 |     1 ||     2
 Armour: Animal skin       |    62 |    73 ||   135
         Ring mail         |       |    95 ||    95
  Dodge: Dodged            |    60 |   160 ||   220

Table legend: (Time is in decaauts)
 A = Elapsed time spent in this place.
 B = Non-inter-level travel time spent in this place.
 C = Inter-level travel time spent in this place.
 D = Time resting spent in this place.
 E = Time spent auto-exploring this place.
 F = Levels seen in this place.
 G = Mean time per level.
                   A        B        C        D        E       F      G
               +--------+--------+--------+--------+--------+-----+--------+
         Total |   4218 |   4066 |    152 |    400 |   2922 |   6 |  703.0 |
       Dungeon |   4216 |   4064 |    152 |    400 |   2922 |   5 |  843.2 |
        Temple |      1 |      1 |      0 |      0 |      0 |   1 |    1.0 |
               +--------+--------+--------+--------+--------+-----+--------+

Top non-repeatable levels by time:
     D:1: 1268 daAuts
     D:3: 1073 daAuts
     D:2: 944 daAuts
     D:4: 848 daAuts
     D:5: 82 daAuts
  Temple: 1 daAuts
